 Dungeon Crawl Stone Soup version 0.31-a0-986-g5e6e4ef867 (webtiles) character file.

Game seed: 11117228963043434483

11587 quinnr the Zephyrmancer (level 11, -5/67 HPs)
             Began as a Tengu Air Elementalist on Nov 19, 2023.
             Was a Believer of Vehumet.
             Killed from afar by a fire dragon (20 damage)
             ... with a blast of flame
             ... on level 9 of the Dungeon.
             The game lasted 00:23:50 (12166 turns).

quinnr the Zephyrmancer (Tengu Air Elementalist)   Turns: 12166, Time: 00:23:51

Health: -5/67      AC:  3    Str: 10    XL:     11   Next: 80%
Magic:  5/22       EV: 19    Int: 19    God:    Vehumet [**....]
Gold:   118        SH:  0    Dex: 14    Spells: 1/24 levels left

rFire   . . .        y - staff of conjuration {!a}
rCold   + . .        (no shield)
rNeg    . . .        v - +0 robe {rC+}
rPois   +            (helmet restricted)
rElec   .            (no cloak)
rCorr   .            o - +0 pair of gloves
SInv    .            (boots unavailable)
Will    .....        w - amulet of magic regeneration
Stlth   +++          P - ring of poison resistance
HPRegen 0.31/turn    (no ring)
MPRegen 0.58/turn

%: acrobat
@: flying
A: beak, talons 3, evasive flight, acrobatic
a: Renounce Religion


You were on level 9 of the Dungeon.
You worshipped Vehumet.
Vehumet was pleased with you.
You visited 2 branches of the dungeon, and saw 10 of its levels.

You collected 718 gold pieces.
You spent 600 gold pieces at shops.


Innate Abilities, Weirdness & Mutations

You have a beak for a mouth.
You have claws for feet.
Your magical flight helps you evade attacks. (EV +4)
You can magically evade attacks while moving or waiting.


   Skills:
 + Level 7.6 Fighting
 - Level 8.0 Dodging
 - Level 5.0 Stealth
 - Level 7.0 Spellcasting
 - Level 9.0 Conjurations
 - Level 13.0 Air Magic
 - Level 5.0 Evocations


You had one spell level left.
You knew the following spells:

 Your Spells              Type           Power      Damage    Failure   Level
a - Airstrike             Air            27%        2d(4-20)  1%          4
i - Swiftness             Air            54%        N/A       1%          3
m - Maxwell's Capacitive  Air            27%        ∞         97%         8
t - Static Discharge      Conj/Air       100%       3-8/arc   1%          2
z - Shock                 Conj/Air       100%       1d9       1%          1
X - Arcjolt               Conj/Air       32%        1d42      3%          5

Your spell library contained the following spells:

 Spells                   Type           Power      Damage    Failure   Level
 Poisonous Vapours        Pois/Air       62%        N/A       1%          2
 Apportation              Tloc           12%        N/A       10%         1
 Necrotise                Necr           24%        1d5       10%         1
 Summon Small Mammal      Summ           24%        N/A       10%         1
 Momentum Strike          Conj/Tloc      70%        3d9       2%          2
 Hailstorm                Conj/Ice       35%        3d9       4%          3
 Vhi's Electric Charge    Tloc/Air       62%        N/A       7%          4
 Blink                    Tloc           12%        N/A       16%         2
 Lesser Beckoning         Tloc           12%        N/A       16%         2
 Summon Ice Beast         Ice/Summ       6%         N/A       69%         4
 Simulacrum               Ice/Necr       3%         N/A       100%        6

Inventory:

Hand Weapons
 D - a +2 dagger of venom
Missiles
 p - 4 throwing nets {=f}
Armour
 o - a +0 pair of gloves (worn)
 v - a +0 robe of cold resistance (worn)
 A - a +0 leather armour of fire resistance
Magical Staves
 n - a staff of death {!a}
 y - a staff of conjuration (weapon) {!a}
 F - a staff of cold {!a}
Jewellery
 w - an amulet of magic regeneration (around neck)
 z - an amulet of faith {!P}
 P - a ring of poison resistance (left hand)
Wands
 i - a wand of paralysis (11)
 r - a wand of mindburst (29)
 x - a wand of flame (7)
Scrolls
 a - 6 scrolls of revelation
 e - a scroll of fear
 h - a scroll of fog
 k - 3 scrolls of poison
 l - 4 scrolls of teleportation {@r2}
 u - 2 scrolls of torment
 C - a scroll of immolation
 E - a scroll of amnesia
Potions
 b - a potion of magic
 c - 2 potions of degeneration {unknown}
 d - 2 potions of might {unknown}
 f - 10 potions of curing {unknown}
 g - a potion of lignification {unknown}
 j - 6 potions of heal wounds {unknown}
 m - a potion of resistance {unknown}
 q - a potion of attraction {unknown}
 t - 2 potions of brilliance
Miscellaneous
 s - a phantom mirror (inert)

Dungeon Overview and Level Annotations

Branches:
Dungeon (9/15)             Temple (1/1) D:7             Orc (0/2) D:9
   Lair: D:8-11

Altars:
Ashenzari
Cheibriados
Dithmenos
Elyvilon
Fedhas
Gozag
Hepliaklqana
Kikubaaqudgha
Makhleb
Nemelex Xobeh
Okawaru
Qazlal
Ru
Sif Muna
Trog
Uskayaw
Vehumet
Wu Jian
Xom
Yredelemnul
Zin
The Shining One

Shops:
D:6 :   D:9 [

Annotations:
D:1 digvault scroll

.............)...............##.#
.......###.▒▒▒▒▒▒▒#'#...########.
.......# #.▒..▒..▒..#...# ##
.......# #.▒..').▒..#...#########
.......###.▒▒'▒*+▒'▒#...#########
...........▒8.▒,,▒..#............
...........▒.8▒,,▒..#............
...........▒▒'▒▒▒▒'▒#...........#
##########.▒..cD@+..#...........#
#.▒..▒.(▒..#...........#
#.▒▒▒▒▒▒▒###.......<...#
##########.......................
....................>............
..............................###
########..#######.............###
#..# #.............### #..#
#.............###


You could see a fire dragon (catching breath) and a centaur.


Message History

Unknown command.
Unknown command.
The fire dragon attacks as it pursues you!
The fire dragon completely misses you. The fire dragon barely misses you.
The fire dragon completely misses you.
A centaur comes into view.
The fire dragon attacks as it pursues you!
The fire dragon bites you.
* * * LOW HITPOINT WARNING * * *
The fire dragon completely misses you. x2
Unknown command.
Unknown command.
The fire dragon attacks as it pursues you!
The fire dragon misses you. The fire dragon completely misses you.
The fire dragon closely misses you.
There is an open door here.
There is an open door here.
Things that are here:
a +0 troll leather armour; a troll corpse There's a creature in the doorway!
The fire dragon attacks as it pursues you!
The fire dragon misses you. The fire dragon claws you.
* * * LOW HITPOINT WARNING * * *
The fire dragon tramples you.
* * * LOW HITPOINT WARNING * * *
You are shoved backwards!
You reach down and close the door.
The fire dragon breathes flames at you. The blast of flame hits you!!
You die...

Skill      XL: |  1  2  3  4  5  6  7  8  9 10 11 |
---------------+----------------------------------+-----
Air Magic      | 5 6 7 8 9 10 11 12 13 | 13.0
Spellcasting   | 3 4 6 7 |  7.0
Fighting       | 2 4 6 7 |  7.6
Evocations     | 2 5 |  5.0
Dodging        | 3 5 8 |  8.0
Stealth        | 5 |  5.0
Conjurations   | 2 3 6 9 |  9.0

Action                     |  1- 3 |  4- 6 |  7- 9 | 10-12 || total
---------------------------+-------+-------+-------+-------++-------
  Melee: Unarmed           |     9 |       |       |       ||     9
         Kick              |     4 |     2 |     1 |       ||     7
         Peck              |     1 |       |       |       ||     1
         Staff             |       |     4 |     5 |       ||     9
   Cast: Shock             |    60 |   158 |    40 |    50 ||   308
         Static Discharge  |       |     6 |     3 |     7 ||    16
         Swiftness         |       |     1 |     1 |     3 ||     5
         Airstrike         |       |     6 |    98 |   134 ||   238
         Arcjolt           |       |       |       |    16 ||    16
  Evoke: Phantom mirror    |       |       |       |     1 ||     1
    Use: Scroll            |     2 |       |     2 |     8 ||    12
 Armour: Robe              |    12 |    31 |    14 |    42 ||    99
  Dodge: Dodged            |    24 |    31 |    24 |    61 ||   140

Levels and vault maps discovered:
D:1:      giann_forest_graveyard, layout_rooms, serial_aquarium,
          aquarium_bridge_long_separate [aquarium_subvault_wall,
          aquarium_subvault_bridge, aquarium_subvault_bridge,
          aquarium_subvault_bridge, aquarium_subvault_bridge,
          aquarium_subvault_bridge], aquarium_window_1, aquarium_window_corner,
          aquarium_window_corner, aquarium_window_1, aquarium_view_2e,
          aquarium_pool_corner, minmay_surrounded
D:2:      minmay_angry_zag, layout_basic, serial_glass, glass_columns_b,
          glass_columns_a, glass_columns_b, glass_columns_a, glass_columns_b,
          glass_columns_a, minmay_pentomino_w2
D:3:      layout_rooms
D:4:      layout_basic, mainiacjoe_overflow_small_starburst,
          grunt_temple_overflow_open, uniq_robin
D:5:      minmay_octagon_keep, layout_rooms, minmay_overflow_temple_star_hex
D:6:      kennysheep_housing_project, layout_gridville, serial_shops,
          nicolae_shop_rolling_square, dk_noncrumbling_4, minmay_between
D:7:      layout_layer_cave, nicolae_ru_sacrificial_ziggurat, temple_pool_b
D:8:      layout_cave_pools, lemuel_tele_altar
D:9:      kennysheep_windowed_halls, layout_long_grid, orc_0_dummy,
          serial_shops, shop_fountains, amethyst_killhole, minivault_13,
          uniq_joseph
Temple:   chequers_temple_sunken

Notes
Turn   | Place    | Note
-------+----------+-------------------------------------------
     0 | D:1      | quinnr the Tengu Air Elementalist began the quest for the
                  | Orb.
     0 | D:1      | Reached XP level 1. HP: 10/10 MP: 4/4
   164 | D:1      | Reached XP level 2. HP: 14/15 MP: 1/6
   307 | D:1      | Reached skill level 5 in Air Magic
   551 | D:1      | Reached XP level 3. HP: 16/19 MP: 2/7
   554 | D:1      | Learned a level 2 spell: Static Discharge
   558 | D:1      | Learned a level 3 spell: Swiftness
   614 | D:1      | You fall into a shaft and drop 1 floor!
   831 | D:2      | Reached skill level 6 in Air Magic
  1104 | D:2      | Reached XP level 4. HP: 20/24 MP: 4/8
  2387 | D:3      | Reached skill level 7 in Air Magic
  2459 | D:3      | Reached XP level 5. HP: 28/28 MP: 4/9
  3195 | D:4      | Reached skill level 3 in Spellcasting
  3384 | D:3      | Reached skill level 8 in Air Magic
  3384 | D:3      | Reached XP level 6. HP: 12/32 MP: 3/11
  3587 | D:4      | Learned a level 4 spell: Airstrike
  3694 | D:4      | Found a shimmering altar of Xom.
  3841 | D:4      | Found a sparkling altar of Nemelex Xobeh.
  3843 | D:4      | Found a white marble altar of Elyvilon.
  3847 | D:4      | Found a glowing silver altar of Zin.
  4419 | D:4      | Noticed Robin
  4432 | D:4      | Killed Robin
  4433 | D:4      | Reached skill level 1 in Fighting
  4780 | D:5      | Entered Level 5 of the Dungeon
  4801 | D:5      | Noticed a black bear
  4804 | D:5      | Killed a black bear
  4805 | D:5      | Reached skill level 1 in Evocations
  4964 | D:5      | Noticed a water moccasin
  5054 | D:5      | Killed a water moccasin
  5055 | D:5      | Reached skill level 2 in Fighting
  5055 | D:5      | Reached skill level 9 in Air Magic
  5055 | D:5      | Reached skill level 2 in Evocations
  5055 | D:5      | Gained mutation: Your magical flight helps you evade
                  | attacks. (EV +4) [Tengu growth]
  5055 | D:5      | Reached XP level 7. HP: 31/40 MP: 0/12
  5396 | D:5      | Reached skill level 3 in Dodging
  5405 | D:5      | Found a glowing golden altar of the Shining One.
  5410 | D:5      | Found a broken altar of Ashenzari.
  5410 | D:5      | Found a burning altar of Makhleb.
  5419 | D:5      | Found an ancient bone altar of Kikubaaqudgha.
  5423 | D:5      | Found a snail-covered altar of Cheibriados.
  5519 | D:5      | Reached XP level 8. HP: 45/45 MP: 2/14
  5554 | D:5      | Reached skill level 3 in Stealth
  5587 | D:5      | Reached skill level 3 in Fighting
  5959 | D:6      | Reached skill level 4 in Spellcasting
  6131 | D:6      | Reached skill level 4 in Dodging
  6131 | D:6      | Reached skill level 4 in Stealth
  6147 | D:6      | Reached skill level 10 in Air Magic
  6354 | D:6      | Reached skill level 4 in Fighting
  6502 | D:6      | Found Zuv Vano's Book Emporium.
  6603 | D:6      | Reached skill level 5 in Dodging
  6603 | D:6      | Reached skill level 5 in Stealth
  6603 | D:6      | Reached skill level 2 in Conjurations
  6603 | D:6      | Reached XP level 9. HP: 47/52 MP: 8/16
  6649 | D:6      | Reached skill level 3 in Conjurations
  6814 | D:7      | Reached skill level 11 in Air Magic
  7083 | D:7      | Found a sacrificial altar of Ru.
  7092 | D:7      | Reached skill level 3 in Evocations
  7630 | D:7      | Reached skill level 6 in Dodging
  7919 | D:7      | Found a staircase to the Ecumenical Temple.
  7964 | Temple   | Entered the Ecumenical Temple
  8316 | D:8      | Reached skill level 4 in Evocations
  8398 | D:8      | Reached skill level 7 in Dodging
  8531 | D:8      | Reached skill level 5 in Evocations
  8539 | D:8      | Reached skill level 8 in Dodging
  8539 | D:8      | Reached XP level 10. HP: 56/56 MP: 2/17
  8723 | D:8      | Reached skill level 5 in Fighting
  8816 | D:8      | Found a radiant altar of Vehumet.
  8996 | D:8      | Became a worshipper of Vehumet
  9112 | D:6      | Reached skill level 6 in Fighting
  9480 | D:6      | Reached skill level 5 in Spellcasting
  9666 | D:6      | Bought Maxwell's Memoranda for 600 gold pieces
  9672 | D:6      | Learned a level 5 spell: Arcjolt
  9812 | D:9      | Noticed Joseph
  9817 | D:9      | Killed Joseph
 10104 | D:9      | Found a staircase to the Orcish Mines.
 10177 | D:9      | Reached skill level 4 in Conjurations
 10180 | D:9      | Reached * piety under Vehumet
 10180 | D:9      | Offered knowledge of Kiss of Death by Vehumet.
 10428 | D:9      | Found Edatwuith's Armour Shop.
 10455 | D:9      | Noticed a two-headed ogre
 10464 | D:9      | Killed a two-headed ogre
 10465 | D:9      | Reached skill level 6 in Spellcasting
 10465 | D:9      | Reached skill level 5 in Conjurations
 10613 | D:9      | Found a runed translucent door.
 10613 | D:9      | Noticed a green ugly thing
 10637 | D:9      | Killed a green ugly thing
 10638 | D:9      | Reached skill level 6 in Conjurations
 10638 | D:9      | Reached skill level 12 in Air Magic
 10638 | D:9      | Reached XP level 11. HP: 64/64 MP: 6/21
 10778 | D:9      | Noticed a two-headed ogre
 10920 | D:9      | Reached skill level 7 in Conjurations
 11095 | D:9      | Reached skill level 8 in Conjurations
 11109 | D:9      | Noticed a two-headed ogre
 11389 | D:9      | Killed a two-headed ogre
 11693 | D:9      | Noticed a sun demon
 11911 | D:9      | Killed a two-headed ogre
 11912 | D:9      | Reached skill level 9 in Conjurations
 12073 | D:9      | Noticed a cyclops
 12085 | D:9      | Learned a level 8 spell: Maxwell's Capacitive Coupling
 12103 | D:9      | Killed a cyclops
 12104 | D:9      | Reached skill level 7 in Fighting
 12112 | D:9      | Reached ** piety under Vehumet
 12158 | D:9      | Reached skill level 7 in Spellcasting
 12158 | D:9      | Reached skill level 13 in Air Magic
 12158 | D:9      | Noticed a fire dragon
 12159 | D:9      | Noticed a centaur warrior
 12160 | D:9      | Killed a centaur warrior
 12160 | D:9      | Offered knowledge of Poisonous Vapours by Vehumet.
 12166 | D:9      | Killed from afar by a fire dragon

Vanquished Creatures
  A centaur warrior (D:9)
  3 two-headed ogres (D:9)
  An ugly thing (D:9)
  A cyclops (D:9)
  Joseph (D:9)
  A kobold demonologist (D:9)
  A troll (D:9)
  3 hornets (D:9)
  8 yaks
  A shadow (D:9)
  A slime creature (D:9)
  2 wyverns (D:9)
  A wraith (D:9)
  A steam dragon (D:8)
  An acid dragon (D:9)
  2 water moccasins
  4 ice beasts
  3 orc warriors
  A black bear (D:5)
  3 ogres
  7 centaurs
  A kobold brigand (D:6)
  6 bullfrogs
  3 gnoll sergeants
  A wight (D:9)
  9 scorpions
  11 killer bees (D:9)
  4 howler monkeys
  5 hounds
  5 orc priests
  4 gnoll boudas
  2 jellies
  4 iguanas
  2 sleepcaps
  11 orc wizards
  Robin (D:4)
  28 gnolls
  7 adders
  A shadow imp (D:5)
  3 ufetubi (D:5)
  A worm (D:3)
  2 dart slugs (D:1)
  13 orcs
  4 bats
  6 endoplasms
  2 giant cockroaches
  13 hobgoblins
  2 jackals (D:4)
  6 quokkas
  7 ball pythons
  5 frilled lizards
  20 goblins
  11 kobolds
  7 rats
254 creatures vanquished.

Table legend: (Time is in decaauts)
 A = Elapsed time spent in this place.
 B = Non-inter-level travel time spent in this place.
 C = Inter-level travel time spent in this place.
 D = Time resting spent in this place.
 E = Time spent auto-exploring this place.
 F = Levels seen in this place.
 G = Mean time per level.
                   A        B        C        D        E       F      G
               +--------+--------+--------+--------+--------+-----+--------+
         Total |  12171 |  11514 |    657 |   1547 |   7845 |  10 | 1217.1 |
       Dungeon |  12170 |  11515 |    655 |   1547 |   7845 |   9 | 1352.2 |
        Temple |      1 |      0 |      1 |      0 |      0 |   1 |    1.0 |
               +--------+--------+--------+--------+--------+-----+--------+

Top non-repeatable levels by time:
     D:9: 2213 daAuts
     D:6: 1601 daAuts
     D:4: 1555 daAuts
     D:7: 1462 daAuts
     D:2: 1274 daAuts
     D:1: 1122 daAuts
     D:5: 1118 daAuts
     D:8: 990 daAuts
     D:3: 831 daAuts
  Temple: 1 daAuts

Table legend:
 A = Non-vault XP
 B = Vault XP
 C = Vault XP percentage of total XP
 D = Non-vault monster count
 E = Vault monster count
 F = Vault count percentage of total count
                 A         B        C        D         E       F
            +---------+---------+-------+---------+---------+-------
      Total |    7881 |    8672 |  52.4 |     164 |      90 |  35.4
            +---------+---------+-------+---------+---------+-------
        D:1 |      45 |      10 |  18.2 |      25 |       6 |  19.4
        D:2 |      41 |      31 |  43.1 |      14 |       4 |  22.2
        D:3 |     121 |       0 |   0.0 |      16 |       0 |   0.0
        D:4 |     192 |      35 |  15.4 |      18 |      11 |  37.9
        D:5 |     705 |     288 |  29.0 |      15 |      11 |  42.3
        D:6 |     938 |    1294 |  58.0 |      18 |      32 |  64.0
        D:7 |     846 |       0 |   0.0 |      12 |       0 |   0.0
        D:8 |    1993 |       0 |   0.0 |      21 |       0 |   0.0
        D:9 |    3000 |    7014 |  70.0 |      25 |      26 |  51.0
            +---------+---------+-------+---------+---------+-------

Levels and vault maps discovered:
D:1:      giann_forest_graveyard, layout_rooms, serial_aquarium,
          aquarium_bridge_long_separate [aquarium_subvault_wall,
          aquarium_subvault_bridge, aquarium_subvault_bridge,
          aquarium_subvault_bridge, aquarium_subvault_bridge,
          aquarium_subvault_bridge], aquarium_window_1, aquarium_window_corner,
          aquarium_window_corner, aquarium_window_1, aquarium_view_2e,
          aquarium_pool_corner, minmay_surrounded
D:2:      minmay_angry_zag, layout_basic, serial_glass, glass_columns_b,
          glass_columns_a, glass_columns_b, glass_columns_a, glass_columns_b,
          glass_columns_a, minmay_pentomino_w2
D:3:      layout_rooms
D:4:      layout_basic, mainiacjoe_overflow_small_starburst,
          grunt_temple_overflow_open, uniq_robin
D:5:      minmay_octagon_keep, layout_rooms, minmay_overflow_temple_star_hex
D:6:      kennysheep_housing_project, layout_gridville, serial_shops,
          nicolae_shop_rolling_square, dk_noncrumbling_4, minmay_between
D:7:      layout_layer_cave, nicolae_ru_sacrificial_ziggurat, temple_pool_b
D:8:      layout_cave_pools, lemuel_tele_altar
D:9:      kennysheep_windowed_halls, layout_long_grid, orc_0_dummy,
          serial_shops, shop_fountains, amethyst_killhole, minivault_13,
          uniq_joseph
Temple:   chequers_temple_sunken
